[Event "World Senior chT-50 2019"]
[Site "Rhodes"]
[Date "2019.04.21"]
[Round "6.16"]
[White "Titorenko, Natalia I"]
[Black "Gruenfeld, Yehuda"]
[Result "0-1"]
[ECO "B90"]
[WhiteElo "2153"]
[BlackElo "2428"]
[Annotator "NA"]
[PlyCount "98"]
[EventDate "2019.04.16"]
[EventType "team-tourn"]
[EventCountry "GRE"]
[SourceTitle "playchess.com"]
[Source "ChessBase"]
[SourceQuality "1"]
[WhiteTeam "Russia"]
[BlackTeam "Israel"]
[WhiteTeamCountry "RUS"]
[BlackTeamCountry "ISR"]
[TimeControl "40/5400+30:1800+30"]

1. e4 c5 2. Nf3 d6 3. d4 cxd4 4. Nxd4 Nf6 5. Nc3 a6 6. Nb3 Nc6 7. a4 g6 8. Be2 Bg7 9. Be3 O-O 10. a5 Be6 11. Bb6 Qc8 12. Nd4 Bd7 13. Nxc6 Bxc6 14. Nd5 Qe6 15. O-O Nxd5 16. exd5 Qxd5 17. Qxd5 Bxd5 18. c3 Bc6 19. Rfd1 Rac8 20. f3 Rfe8 21. Kf2 d5 22. f4 e6 23. h4 Bf8 24. h5 Bd7 25. hxg6 hxg6 26. Bd4 Bc5 27. Bxc5 Rxc5 28. c4 Rc7 29. b3 Bc6 30. Rd2 Kg7 31. c5 f6 32. b4 e5 33. fxe5 fxe5 34. Rb1 d4 35. b5 Rf8+ 36. Kg3 axb5 37. Bxb5 Bd5 38. Rc1 Rf5 39. a6 bxa6 40. Bxa6 Bc6 41. Rcc2 Ra7 42. Bc4 Ra3+ 43. Kh2 Rh5+ 44. Kg1 Ra1+ 45. Kf2 Rhh1 46. Be2 Rhc1 47. Bc4 Rxc2 48. Rxc2 e4 49. Rb2 Ra5 0-1

[Event "World Senior chT-50 2019"]
[Site "Rhodes"]
[Date "2019.04.21"]
[Round "6.17"]
[White "Boensch, Uwe"]
[Black "Mitrandzas, Athanasios"]
[Result "1/2-1/2"]
[ECO "E16"]
[WhiteElo "2525"]
[BlackElo "2055"]
[Annotator "ChessBase"]
[PlyCount "62"]
[EventDate "2019.04.16"]
[EventType "team-tourn"]
[EventCountry "GRE"]
[SourceTitle "playchess.com"]
[Source "ChessBase"]
[SourceQuality "1"]
[WhiteTeam "Germany"]
[BlackTeam "Greece"]
[WhiteTeamCountry "GER"]
[BlackTeamCountry "GRE"]
[TimeControl "40/5400+30:1800+30"]

1. d4 Nf6 2. c4 e6 3. Nf3 Bb4+ 4. Nbd2 O-O 5. g3 b6 6. Bg2 Bb7 7. O-O Bxd2 8. Bxd2 d6 9. b3 a5 10. a4 Re8 11. Bc3 Nbd7 12. Ra2 Qe7 13. Bh3 e5 14. d5 Ne4 15. Be1 Ndc5 16. Nh4 Bc8 17. Bxc8 Raxc8 18. f3 Nf6 19. e4 g6 20. Bd2 Nh5 21. Be3 Rf8 22. Bh6 Ng7 23. Qc2 Qd7 24. Qb1 f5 25. exf5 gxf5 26. f4 e4 27. Qb2 Qf7 28. Rb1 Nd3 29. Qxg7+ Qxg7 30. Bxg7 Kxg7 31. Ng2 Kf6 1/2-1/2

[Event "World Senior chT-50 2019"]
[Site "Rhodes"]
[Date "2019.04.21"]
[Round "6.18"]
[White "Ilandzis, Spyridon"]
[Black "Tischbierek, Raj"]
[Result "0-1"]
[ECO "A01"]
[WhiteElo "2021"]
[BlackElo "2435"]
[Annotator "NA"]
[PlyCount "66"]
[EventDate "2019.04.16"]
[EventType "team-tourn"]
[EventCountry "GRE"]
[SourceTitle "playchess.com"]
[Source "ChessBase"]
[SourceQuality "1"]
[WhiteTeam "Greece"]
[BlackTeam "Germany"]
[WhiteTeamCountry "GRE"]
[BlackTeamCountry "GER"]
[TimeControl "40/5400+30:1800+30"]

1. b3 Nf6 2. Bb2 g6 3. Bxf6 exf6 4. c4 d5 5. cxd5 Qxd5 6. Nc3 Qa5 7. a3 c5 8. e3 Nc6 9. Nf3 Bg7 10. Rc1 O-O 11. Na4 b6 12. b4 cxb4 13. Rxc6 bxa3 14. Rc1 Bd7 15. Nc3 b5 16. Qb3 Rfc8 17. Rb1 Rab8 18. Bd3 Be6 19. Qb4 Qd8 20. Ke2 Bf8 21. Qd4 b4 22. Ne4 f5 23. Qxd8 Rxd8 24. Neg5 Bd5 25. Nd4 b3 26. f3 b2 27. Nh3 a2 28. Nf4 axb1=Q 29. Bxb1 Rbc8 30. Nxd5 Rxd5 31. d3 Rc1 32. Rd1 f4 33. Ba2 Ra5 0-1

[Event "World Senior chT-50 2019"]
[Site "Rhodes"]
[Date "2019.04.21"]
[Round "6.20"]
[White "Papadimitriou, Loukas"]
[Black "Maier, Christian"]
[Result "1-0"]
[ECO "E42"]
[WhiteElo "1943"]
[BlackElo "2325"]
[Annotator "NA"]
[PlyCount "93"]
[EventDate "2019.04.16"]
[EventType "team-tourn"]
[EventCountry "GRE"]
[SourceTitle "playchess.com"]
[Source "ChessBase"]
[SourceQuality "1"]
[WhiteTeam "Greece"]
[BlackTeam "Germany"]
[WhiteTeamCountry "GRE"]
[BlackTeamCountry "GER"]
[TimeControl "40/5400+30:1800+30"]

1. d4 Nf6 2. c4 e6 3. Nc3 Bb4 4. e3 c5 5. Nge2 d5 6. a3 cxd4 7. exd4 Bxc3+ 8. Nxc3 dxc4 9. Bxc4 O-O 10. O-O Nbd7 11. Bg5 Qc7 12. Ba2 h6 13. Bh4 b6 14. d5 Ba6 15. dxe6 fxe6 16. Bxe6+ Kh8 17. Re1 Nc5 18. Bxf6 gxf6 19. Qh5 Qg7 20. Bd5 Rad8 21. Re3 Qg5 22. Qh3 Bc8 23. Qf3 Bg4 24. Qg3 Bf5 25. b4 Qxg3 26. hxg3 Nd3 27. Rd1 Ne5 28. f3 h5 29. Kf2 Kg7 30. Nb5 Kg6 31. Ke2 Rd7 32. Be4 Rfd8 33. Rxd7 Rxd7 34. Bxf5+ Kxf5 35. Rc3 Ke6 36. Rc7 a6 37. Rxd7 Kxd7 38. Nc3 b5 39. Ne4 Ke7 40. Nc5 Nc4 41. Nxa6 Nxa3 42. Kd3 Kd6 43. Nc5 Nc4 44. Nb3 Kd5 45. Nd4 Nd6 46. Ne2 Ke5 47. Nf4 1-0

[Event "World Senior chT-50 2019"]
[Site "Rhodes"]
[Date "2019.04.21"]
[Round "6.20"]
[White "Papadimitriou, Loukas"]
[Black "Maier, Christian"]
[Result "0-1"]
[ECO "D30"]
[WhiteElo "1943"]
[BlackElo "2325"]
[Annotator "NA"]
[PlyCount "64"]
[EventDate "2019.04.16"]
[EventType "team-tourn"]
[EventCountry "GRE"]
[SourceTitle "playchess.com"]
[Source "ChessBase"]
[SourceQuality "1"]
[WhiteTeam "Greece"]
[BlackTeam "Germany"]
[WhiteTeamCountry "GRE"]
[BlackTeamCountry "GER"]
[TimeControl "40/5400+30:1800+30"]

1. d4 d5 2. c4 e6 3. Nf3 c6 4. cxd5 exd5 5. Bg5 Be7 6. Bxe7 Nxe7 7. Nc3 O-O 8. e3 Bg4 9. Bd3 Bf5 10. O-O Nd7 11. Ne2 Bxd3 12. Qxd3 Nc8 13. Qa3 Re8 14. Ng3 Qf6 15. Nh5 Qe7 16. Qxe7 Rxe7 17. h4 Nd6 18. Kh2 Nc4 19. Rab1 Rae8 20. Kh3 g6 21. Nf4 h5 22. b4 Nf6 23. a4 Ne4 24. Rbc1 Kg7 25. b5 f6 26. Rc2 a5 27. Rg1 Rh8 28. bxc6 bxc6 29. Nd3 g5 30. hxg5 fxg5 31. Nfe5 g4+ 32. Kh4 Ncd6 0-1

[Event "World Senior chT-50 2019"]
[Site "Rhodes"]
[Date "2019.04.21"]
[Round "6.21"]
[White "Ross, David"]
[Black "Mahia, Gustavo"]
[Result "1-0"]
[ECO "B06"]
[WhiteElo "2312"]
[BlackElo "2367"]
[Annotator "NA"]
[PlyCount "65"]
[EventDate "2019.04.16"]
[EventType "team-tourn"]
[EventCountry "GRE"]
[SourceTitle "playchess.com"]
[Source "ChessBase"]
[SourceQuality "1"]
[WhiteTeam "Canada"]
[BlackTeam "Argentina"]
[WhiteTeamCountry "CAN"]
[BlackTeamCountry "ARG"]
[TimeControl "40/5400+30:1800+30"]

1. e4 g6 2. d4 Bg7 3. Nc3 d6 4. Be3 a6 5. h4 h6 6. Be2 e5 7. dxe5 dxe5 8. Qxd8+ Kxd8 9. O-O-O+ Bd7 10. Bc4 f6 11. Nge2 Ne7 12. f4 Nec6 13. Bf7 f5 14. Bxg6 fxe4 15. Bxe4 exf4 16. Bxf4 Kc8 17. Nd5 Re8 18. Ng3 Be5 19. Bg6 Bxf4+ 20. Nxf4 Rf8 21. Rhf1 Bg4 22. Nd5 Nd7 23. Rxf8+ Nxf8 24. Bf5+ Bxf5 25. Nxf5 b6 26. Nxh6 Kb7 27. Rf1 Ne6 28. g4 Rd8 29. Nf4 Nc5 30. g5 Rf8 31. g6 Ne6 32. Nf7 Ng7 33. h5 1-0

[Event "World Senior chT-50 2019"]
[Site "Rhodes"]
[Date "2019.04.21"]
[Round "6.22"]
[White "Garbarino, Rodolfo"]
[Black "Ross, Paul"]
[Result "1-0"]
[ECO "C06"]
[WhiteElo "2335"]
[BlackElo "2237"]
[Annotator "NA"]
[PlyCount "87"]
[EventDate "2019.04.16"]
[EventType "team-tourn"]
[EventCountry "GRE"]
[SourceTitle "playchess.com"]
[Source "ChessBase"]
[SourceQuality "1"]
[WhiteTeam "Argentina"]
[BlackTeam "Canada"]
[WhiteTeamCountry "ARG"]
[BlackTeamCountry "CAN"]
[TimeControl "40/5400+30:1800+30"]

1. e4 e6 2. d4 d5 3. Nd2 Nf6 4. e5 Nfd7 5. Bd3 c5 6. c3 Nc6 7. Ne2 f6 8. exf6 Qxf6 9. Nf3 Bd6 10. O-O e5 11. Bg5 Qf7 12. dxe5 Ndxe5 13. Nxe5 Nxe5 14. Bb5+ Bd7 15. Bxd7+ Nxd7 16. Qd2 O-O 17. Rad1 Nb6 18. Bh4 Rfe8 19. Rfe1 h6 20. Bg3 Rad8 21. Bxd6 Rxd6 22. Ng3 Rde6 23. Rxe6 Qxe6 24. Nf1 Rd8 25. Ne3 d4 26. b3 Rd7 27. cxd4 Rxd4 28. Qc2 Nd5 29. Nxd5 Qxd5 30. Re1 Kf7 31. Qe2 Kg8 32. h3 Rd2 33. Qe8+ Kh7 34. Re2 Rd1+ 35. Kh2 b6 36. f4 Qd4 37. Qf7 Qg1+ 38. Kg3 Rd6 39. Qf5+ Rg6+ 40. Kh4 Qd4 41. Re6 Qd8+ 42. Kh5 Qd1+ 43. g4 Qd3 44. Qxd3 1-0

[Event "World Senior chT-50 2019"]
[Site "Rhodes"]
[Date "2019.04.21"]
[Round "6.24"]
[White "Perez Wertheim, Rodolfo"]
[Black "Chernik, Dmitry"]
[Result "1-0"]
[ECO "B72"]
[WhiteElo "1914"]
[BlackElo "1868"]
[Annotator "NA"]
[PlyCount "95"]
[EventDate "2019.04.16"]
[EventType "team-tourn"]
[EventCountry "GRE"]
[SourceTitle "playchess.com"]
[Source "ChessBase"]
[SourceQuality "1"]
[WhiteTeam "Argentina"]
[BlackTeam "Canada"]
[WhiteTeamCountry "ARG"]
[BlackTeamCountry "CAN"]
[TimeControl "40/5400+30:1800+30"]

1. e4 c5 2. Nf3 Nc6 3. d4 cxd4 4. Nxd4 Nf6 5. Nc3 d6 6. Be2 g6 7. Be3 Bg7 8. h3 O-O 9. Qd2 Bd7 10. f4 Nxd4 11. Bxd4 Bc6 12. Bf3 e5 13. fxe5 dxe5 14. Bc5 Qxd2+ 15. Kxd2 Rfc8 16. Be3 b5 17. a3 a5 18. Bg5 Ne8 19. Rad1 f6 20. Be3 b4 21. axb4 axb4 22. Nd5 Bxd5 23. exd5 Nd6 24. Be2 f5 25. Ra1 Ne4+ 26. Kd3 Ng3 27. Rxa8 Rxa8 28. Re1 e4+ 29. Kc4 Rc8+ 30. Kxb4 Rxc2 31. Bc4 Rxb2+ 32. Kc5 Be5 33. d6+ Kf8 34. Rd1 f4 35. d7 Rb8 36. d8=Q+ Rxd8 37. Rxd8+ Ke7 38. Rd5 Bb8 39. Bd4 e3 40. Be5 e2 41. Bxe2 Ba7+ 42. Kc6 Nxe2 43. Rd7+ Ke6 44. Rxa7 Kxe5 45. Re7+ Kd4 46. Rxe2 g5 47. Re8 h6 48. Re6 {[%emt 0:00:44] Kd5+ [%clk 00:27:17] [%emt 00:00:38]} 1-0

[Event "World Senior chT-50 2019"]
[Site "Rhodes"]
[Date "2019.04.21"]
[Round "6.25"]
[White "Lagerborg, Krister"]
[Black "Yrjola, Jouni"]
[Result "1/2-1/2"]
[ECO "A36"]
[WhiteElo "2102"]
[BlackElo "2327"]
[Annotator "NA"]
[PlyCount "52"]
[EventDate "2019.04.16"]
[EventType "team-tourn"]
[EventCountry "GRE"]
[SourceTitle "playchess.com"]
[Source "ChessBase"]
[SourceQuality "1"]
[WhiteTeam "Sweden"]
[BlackTeam "Finland"]
[WhiteTeamCountry "SWE"]
[BlackTeamCountry "FIN"]
[TimeControl "40/5400+30:1800+30"]

1. c4 c5 2. g3 g6 3. Bg2 Bg7 4. Nc3 Nc6 5. a3 a5 6. e3 d6 7. Nge2 Nf6 8. O-O O-O 9. d4 cxd4 10. exd4 Bf5 11. h3 h5 12. Bg5 Rc8 13. b3 Nb8 14. Nf4 Nh7 15. Bh4 g5 16. Nxh5 gxh4 17. Nxg7 Kxg7 18. g4 Bg6 19. Bxb7 Rc7 20. Bg2 e6 21. Nb5 Rd7 22. f4 f5 23. Qe1 Nf6 24. Qxh4 Ne4 25. Qe1 Qb6 26. a4 Nc6 1/2-1/2

[Event "World Senior chT-50 2019"]
[Site "Rhodes"]
[Date "2019.04.21"]
[Round "6.26"]
[White "Viljava, Tapani"]
[Black "Gamback, Bjorn"]
[Result "0-1"]
[ECO "A04"]
[WhiteElo "2159"]
[BlackElo "2101"]
[Annotator "NA"]
[PlyCount "115"]
[EventDate "2019.04.16"]
[EventType "team-tourn"]
[EventCountry "GRE"]
[SourceTitle "playchess.com"]
[Source "ChessBase"]
[SourceQuality "1"]
[WhiteTeam "Finland"]
[BlackTeam "Sweden"]
[WhiteTeamCountry "FIN"]
[BlackTeamCountry "SWE"]
[TimeControl "40/5400+30:1800+30"]

1. Nf3 g6 2. g3 Bg7 3. Bg2 d6 4. e4 c5 5. d3 Nc6 6. Nbd2 e6 7. O-O Nge7 8. Re1 O-O 9. Nf1 b6 10. c3 e5 11. Ne3 h6 12. h3 Be6 13. Kh2 d5 14. exd5 Nxd5 15. Nc4 f6 16. a4 Qd7 17. Qc2 Rad8 18. b3 Nde7 19. Nb2 Bf5 20. Bf1 g5 21. Qe2 Bg6 22. Rd1 Rfe8 23. Ne1 Nd5 24. Bd2 f5 25. Bg2 Qf7 26. Qf1 Na5 27. Ra3 Nxb3 28. Rxb3 Ne3 29. fxe3 Qxb3 30. Rb1 e4 31. d4 cxd4 32. cxd4 Rc8 33. Qb5 Qe6 34. Bf1 Bf7 35. Nd1 Red8 36. Nc3 f4 37. gxf4 gxf4 38. Rb4 Bf8 39. d5 Qg6 40. Rxe4 Rxc3 41. Rxf4 Rc5 42. Rg4 Qxg4 43. hxg4 Rxb5 44. Bxb5 Rxd5 45. Bc3 Bg7 46. Bxg7 Kxg7 47. Kg3 Be6 48. Nf3 Bc8 49. Nd4 Rg5 50. Be2 Ra5 51. Bb5 a6 52. Bc6 Rg5 53. Bf3 Kf6 54. Kf4 Bd7 55. Nf5 Bxf5 56. gxf5 Rxf5+ 57. Ke4 Rxf3 58. Kd4 {[%emt 0:00:30] Ke5+ [%clk 00:07:11]} 0-1

[Event "World Senior chT-50 2019"]
[Site "Rhodes"]
[Date "2019.04.21"]
[Round "6.27"]
[White "Franzen, Thomas"]
[Black "Salonen, Jyrki"]
[Result "0-1"]
[ECO "A37"]
[WhiteElo "2015"]
[BlackElo "2162"]
[Annotator "NA"]
[PlyCount "48"]
[EventDate "2019.04.16"]
[EventType "team-tourn"]
[EventCountry "GRE"]
[SourceTitle "playchess.com"]
[Source "ChessBase"]
[SourceQuality "1"]
[WhiteTeam "Sweden"]
[BlackTeam "Finland"]
[WhiteTeamCountry "SWE"]
[BlackTeamCountry "FIN"]
[TimeControl "40/5400+30:1800+30"]

1. c4 c5 2. g3 Nc6 3. Bg2 g6 4. Nf3 Bg7 5. Nc3 d6 6. a3 e6 7. b4 Nge7 8. Rb1 O-O 9. h4 h6 10. Na4 b6 11. h5 Qd7 12. hxg6 fxg6 13. d4 cxd4 14. Bxh6 Bxh6 15. Rxh6 Kg7 16. Rh2 Bb7 17. b5 Ne5 18. Qxd4 Bxf3 19. exf3 Nf5 20. Qc3 Rac8 21. c5 Kg8 22. f4 bxc5 23. fxe5 d5 24. g4 d4 0-1

[Event "World Senior chT-50 2019"]
[Site "Rhodes"]
[Date "2019.04.21"]
[Round "6.28"]
[White "Fieandt, John"]
[Black "Johansson, Bjorn"]
[Result "1/2-1/2"]
[ECO "E68"]
[WhiteElo "2151"]
[BlackElo "1888"]
[Annotator "NA"]
[PlyCount "42"]
[EventDate "2019.04.16"]
[EventType "team-tourn"]
[EventCountry "GRE"]
[SourceTitle "playchess.com"]
[Source "ChessBase"]
[SourceQuality "1"]
[WhiteTeam "Finland"]
[BlackTeam "Sweden"]
[WhiteTeamCountry "FIN"]
[BlackTeamCountry "SWE"]
[TimeControl "40/5400+30:1800+30"]

1. d4 Nf6 2. c4 g6 3. Nf3 Bg7 4. g3 O-O 5. Bg2 d6 6. O-O Nbd7 7. Nc3 c6 8. b3 e5 9. e4 Re8 10. d5 c5 11. a3 Nh5 12. Rb1 f5 13. Ng5 Ndf6 14. Ne6 Qe7 15. exf5 gxf5 16. Bf3 e4 17. Bxh5 Nxh5 18. Qxh5 Bxe6 19. dxe6 Bxc3 20. Qxf5 Qxe6 21. Qg5+ Qg6 1/2-1/2

[Event "World Senior chT-50 2019"]
[Site "Rhodes"]
[Date "2019.04.21"]
[Round "6.29"]
[White "Kristiansen, Erling"]
[Black "Lewis, Andrew P"]
[Result "1-0"]
[ECO "E69"]
[WhiteElo "2134"]
[BlackElo "2347"]
[Annotator "NA"]
[PlyCount "63"]
[EventDate "2019.04.16"]
[EventType "team-tourn"]
[EventCountry "GRE"]
[SourceTitle "playchess.com"]
[Source "ChessBase"]
[SourceQuality "1"]
[WhiteTeam "Norway"]
[BlackTeam "England"]
[WhiteTeamCountry "NOR"]
[BlackTeamCountry "ENG"]
[TimeControl "40/5400+30:1800+30"]

1. d4 Nf6 2. c4 g6 3. Nf3 Bg7 4. g3 O-O 5. Bg2 d6 6. Nc3 Nbd7 7. O-O e5 8. e4 c6 9. h3 Qb6 10. Rb1 exd4 11. Nxd4 Ng4 12. Nde2 Nge5 13. b3 Nc5 14. Qxd6 Rd8 15. Qe7 Ne6 16. Be3 Qa5 17. Rfd1 Nd7 18. Bd2 Qa6 19. Qh4 h5 20. g4 Bf6 21. g5 Bg7 22. Qg3 Ndc5 23. Be3 Qa5 24. b4 Rxd1+ 25. Nxd1 Qxa2 26. Nec3 Nxe4 27. Nxa2 Nxg3 28. fxg3 Be5 29. Kf2 Ng7 30. b5 Bf5 31. Rc1 cxb5 32. cxb5 1-0

[Event "World Senior chT-50 2019"]
[Site "Rhodes"]
[Date "2019.04.21"]
[Round "6.30"]
[White "Frostick, Clive A"]
[Black "Berg, Anders Hoyer"]
[Result "1-0"]
[ECO "B31"]
[WhiteElo "2121"]
[BlackElo "2046"]
[Annotator "NA"]
[PlyCount "121"]
[EventDate "2019.04.16"]
[EventType "team-tourn"]
[EventCountry "GRE"]
[SourceTitle "playchess.com"]
[Source "ChessBase"]
[SourceQuality "1"]
[WhiteTeam "England"]
[BlackTeam "Norway"]
[WhiteTeamCountry "ENG"]
[BlackTeamCountry "NOR"]
[TimeControl "40/5400+30:1800+30"]

1. e4 c5 2. Nf3 Nc6 3. Bb5 g6 4. O-O Bg7 5. Re1 e5 6. Bxc6 dxc6 7. d3 Qe7 8. a3 a5 9. Be3 Nf6 10. h3 O-O 11. Qd2 b6 12. Qc3 Nd7 13. Nbd2 a4 14. b4 axb3 15. Qxb3 Ba6 16. a4 Rfb8 17. Nc4 Bxc4 18. Qxc4 Rb7 19. Ra2 Rba7 20. Rea1 Bf8 21. Qb3 Kg7 22. Nd2 Qd8 23. Nc4 b5 24. axb5 Rxa2 25. Rxa2 Rxa2 26. Qxa2 cxb5 27. Nd2 Qc7 28. Qa6 Qb6 29. Qc8 Qa7 30. Qc6 b4 31. g3 f6 32. Nb3 Be7 33. Qe6 Nf8 34. Qc4 Nd7 35. Qxb4 cxb4 36. Bxa7 Kf7 37. Kf1 Ke6 38. Ke2 f5 39. f3 Kd6 40. d4 exd4 41. exf5 gxf5 42. Nxd4 Ke5 43. Nc6+ Ke6 44. Nxe7 Kxe7 45. Kd3 Ne5+ 46. Ke3 Nc4+ 47. Kd4 Nd2 48. f4 b3 49. cxb3 Nxb3+ 50. Ke5 Kf7 51. Kxf5 Nd2 52. g4 Nf3 53. g5 Nh4+ 54. Kg4 Ng6 55. Bd4 Ne7 56. h4 Kg6 57. f5+ Kf7 58. h5 Nc6 59. Bb2 Nb4 60. g6+ Kg8 61. f6 1-0

[Event "World Senior chT-50 2019"]
[Site "Rhodes"]
[Date "2019.04.21"]
[Round "6.31"]
[White "Johnsen, Sylvia"]
[Black "Fraser-Mitchell, Jeremy N"]
[Result "0-1"]
[ECO "A26"]
[WhiteElo "1949"]
[BlackElo "2073"]
[Annotator "NA"]
[PlyCount "116"]
[EventDate "2019.04.16"]
[EventType "team-tourn"]
[EventCountry "GRE"]
[SourceTitle "playchess.com"]
[Source "ChessBase"]
[SourceQuality "1"]
[WhiteTeam "Norway"]
[BlackTeam "England"]
[WhiteTeamCountry "NOR"]
[BlackTeamCountry "ENG"]
[TimeControl "40/5400+30:1800+30"]

1. c4 e5 2. g3 Nc6 3. Bg2 g6 4. Nc3 Bg7 5. d3 d6 6. Nf3 f5 7. e4 Nf6 8. Bg5 h6 9. Be3 O-O 10. Qd2 fxe4 11. dxe4 Kh7 12. O-O Bg4 13. Ne1 Qd7 14. Nd5 Rf7 15. f4 exf4 16. Rxf4 Raf8 17. Nd3 g5 18. Rf2 Bh3 19. Bxh3 Qxh3 20. Nxf6+ Rxf6 21. Raf1 Qe6 22. b3 Qxe4 23. Re1 Rxf2 24. Nxf2 Qf5 25. Qd3 Ne5 26. Qxf5+ Rxf5 27. Kg2 b6 28. g4 Rf7 29. h3 Kg6 30. Re2 Re7 31. Bd4 Nc6 32. Rxe7 Nxe7 33. Be3 Kf7 34. Kf3 Ke6 35. Ke4 c6 36. Bd2 d5+ 37. cxd5+ Nxd5 38. a4 c5 39. Nd3 Bd4 40. a5 Nf6+ 41. Kf3 Kd5 42. axb6 axb6 43. h4 Ne4 44. Bc1 Bc3 45. hxg5 hxg5 46. Ke2 b5 47. Be3 c4 48. bxc4+ Kxc4 49. Bc1 Bf6 50. Ne1 b4 51. Nd3 b3 52. Ke3 Nc5 53. Bb2 Bxb2 54. Nxb2+ Kc3 55. Nd1+ Kc2 56. Ke2 b2 57. Nxb2 Kxb2 58. Ke3 Kc3 {[%emt 0:00:05] Kd4+ [%emt 00:00:30]} 0-1

[Event "World Senior chT-50 2019"]
[Site "Rhodes"]
[Date "2019.04.21"]
[Round "6.32"]
[White "Jackson, Sheila"]
[Black "Harstad, Christian"]
[Result "1-0"]
[ECO "B22"]
[WhiteElo "2051"]
[BlackElo "1911"]
[Annotator "NA"]
[PlyCount "71"]
[EventDate "2019.04.16"]
[EventType "team-tourn"]
[EventCountry "GRE"]
[SourceTitle "playchess.com"]
[Source "ChessBase"]
[SourceQuality "1"]
[WhiteTeam "England"]
[BlackTeam "Norway"]
[WhiteTeamCountry "ENG"]
[BlackTeamCountry "NOR"]
[TimeControl "40/5400+30:1800+30"]

1. e4 c5 2. c3 Nf6 3. e5 Nd5 4. d4 cxd4 5. Nf3 e6 6. cxd4 Nc6 7. a3 d6 8. Bc4 Be7 9. O-O O-O 10. Re1 Qc7 11. Nbd2 Bd7 12. exd6 Bxd6 13. Ne4 Rac8 14. Bd3 f5 15. Nxd6 Qxd6 16. Bd2 a5 17. Rc1 Rb8 18. Bc4 b5 19. Bb3 a4 20. Bxd5 Qxd5 21. Bf4 Rbc8 22. Rc5 Qa2 23. Qc2 b4 24. axb4 Nxb4 25. Qd2 Nd5 26. Be5 Rxc5 27. dxc5 Qc4 28. Rc1 Qb4 29. c6 Qxd2 30. Nxd2 Bc8 31. c7 Ba6 32. Rc6 Bc8 33. Nc4 Bd7 34. Rd6 Bc8 35. Rd8 Ba6 36. Bd6 1-0

[Event "World Senior chT-50 2019"]
[Site "Rhodes"]
[Date "2019.04.21"]
[Round "6.33"]
[White "Priedite, Ingrida"]
[Black "Grant, Jonathan I M"]
[Result "0-1"]
[ECO "A23"]
[WhiteElo "2044"]
[BlackElo "2226"]
[Annotator "NA"]
[PlyCount "166"]
[EventDate "2019.04.16"]
[EventType "team-tourn"]
[EventCountry "GRE"]
[SourceTitle "playchess.com"]
[Source "ChessBase"]
[SourceQuality "1"]
[WhiteTeam "Latvia"]
[BlackTeam "Scotland"]
[WhiteTeamCountry "LAT"]
[BlackTeamCountry "SCO"]
[TimeControl "40/5400+30:1800+30"]

1. c4 Nf6 2. Nc3 c5 3. g3 e6 4. Bg2 d5 5. cxd5 exd5 6. d4 cxd4 7. Qxd4 Nc6 8. Qa4 d4 9. Ne4 Bd7 10. Bg5 Bb4+ 11. Kf1 Be7 12. Bxf6 Bxf6 13. Nd6+ Kf8 14. Rc1 Qb6 15. Qb3 Qxb3 16. axb3 Rb8 17. f4 Be7 18. Nc4 g5 19. Nf3 gxf4 20. gxf4 Rc8 21. Nce5 Nxe5 22. Rxc8+ Bxc8 23. Nxe5 Bb4 24. Bd5 Rg8 25. Rg1 Rxg1+ 26. Kxg1 f6 27. Nd3 Bd2 28. Kf2 b6 29. Kf3 Be3 30. Nb4 a5 31. Nc2 Bc1 32. Nxd4 Bxb2 33. Nb5 Bd7 34. Bc4 Bc6+ 35. e4 f5 36. Nd6 fxe4+ 37. Nxe4 Bc1 38. Bd3 b5 39. Kg4 a4 40. bxa4 bxa4 41. Nc3 Kg7 42. Bc4 Bd2 43. Nd5 Be8 44. f5 Bd7 45. Nb6 Bc6 46. Nd5 Bc1 47. f6+ Kf8 48. Kf5 Bd7+ 49. Ke5 Bb2+ 50. Kd6 Be8 51. Nb6 Bxf6 52. Nxa4 Bxa4 53. Ke6 Kg7 54. Kf5 Bd1 55. Bd5 Bh4 56. Kf4 Kf6 57. Bf3 Bg5+ 58. Kg3 Bc2 59. h3 Ke5 60. Kg2 Kf4 61. h4 Bxh4 62. Bc6 Bg3 63. Bb7 h5 64. Bc6 Bd1 65. Bb7 Be1 66. Bc6 Be2 67. Bb7 Ke3 68. Bc6 h4 69. Bb7 Bg3 70. Bc6 Kd2 71. Bb7 Ke1 72. Bc6 Bf1+ 73. Kg1 Bh3 74. Bb7 Ke2 75. Bc6 Ke3 76. Bb7 Be5 77. Bc6 Kf4 78. Bb7 Kg3 79. Bc6 Bg4 80. Bb7 h3 81. Bc6 Be2 82. Bb7 Bd4+ 83. Kh1 Bf1 0-1

[Event "World Senior chT-50 2019"]
[Site "Rhodes"]
[Date "2019.04.21"]
[Round "6.34"]
[White "Farrell, Neil"]
[Black "Goldmane, Astra"]
[Result "1-0"]
[ECO "A50"]
[WhiteElo "2132"]
[BlackElo "2020"]
[Annotator "NA"]
[PlyCount "58"]
[EventDate "2019.04.16"]
[EventType "team-tourn"]
[EventCountry "GRE"]
[SourceTitle "playchess.com"]
[Source "ChessBase"]
[SourceQuality "1"]
[WhiteTeam "Scotland"]
[BlackTeam "Latvia"]
[WhiteTeamCountry "SCO"]
[BlackTeamCountry "LAT"]
[TimeControl "40/5400+30:1800+30"]

1. d4 Nf6 2. c4 b6 3. Nc3 Bb7 4. d5 c6 5. Nf3 g6 6. e4 d6 7. Be2 Bg7 8. O-O O-O 9. Re1 Nbd7 10. h3 a6 11. Nd4 c5 12. Nc2 Ne8 13. Bg5 h6 14. Bh4 g5 15. Bg3 Ne5 16. Ne3 e6 17. Bh2 Bc8 18. Bf1 Ng6 19. Qd2 Bd4 20. Ne2 Qf6 21. Nxd4 cxd4 22. Ng4 Qg7 23. e5 exd5 24. exd6 dxc4 25. Bxc4 h5 26. Ne5 Nxd6 27. Bd5 Ra7 28. Qxg5 Nf5 29. Qxg6 Ra8 1-0

[Event "World Senior chT-50 2019"]
[Site "Rhodes"]
[Date "2019.04.21"]
[Round "6.35"]
[White "Ungure, Liga"]
[Black "Neave, George"]
[Result "0-1"]
[ECO "B31"]
[WhiteElo "1930"]
[BlackElo "2101"]
[Annotator "NA"]
[PlyCount "78"]
[EventDate "2019.04.16"]
[EventType "team-tourn"]
[EventCountry "GRE"]
[SourceTitle "playchess.com"]
[Source "ChessBase"]
[SourceQuality "1"]
[WhiteTeam "Latvia"]
[BlackTeam "Scotland"]
[WhiteTeamCountry "LAT"]
[BlackTeamCountry "SCO"]
[TimeControl "40/5400+30:1800+30"]

1. e4 c5 2. Nf3 Nc6 3. Bb5 g6 4. O-O Bg7 5. c3 Nf6 6. Qe2 O-O 7. d4 cxd4 8. cxd4 d5 9. e5 Ne4 10. Rd1 f6 11. Nc3 fxe5 12. Nxd5 e6 13. dxe5 exd5 14. Rxd5 Qxd5 15. Bc4 Be6 16. Bxd5 Bxd5 17. Be3 Nxe5 18. Nxe5 Bxe5 19. f3 Nf6 20. Qb5 Rfe8 21. Rd1 a6 22. Qa5 Bc6 23. Bc1 Rac8 24. b3 Bb5 25. Bh6 Nh5 26. a4 Bc6 27. Qb4 Ng7 28. Kf2 Nf5 29. Qc4+ Kh8 30. Bf4 Bg7 31. Qb4 Rcd8 32. Rxd8 Rxd8 33. Qa5 Re8 34. b4 h5 35. b5 Bd5 36. g4 Bd4+ 37. Kg2 hxg4 38. bxa6 gxf3+ 39. Kh3 f2 0-1

[Event "World Senior chT-50 2019"]
[Site "Rhodes"]
[Date "2019.04.21"]
[Round "6.36"]
[White "Smith, Peter R"]
[Black "Harlinska, Sandra"]
[Result "1-0"]
[ECO "A16"]
[WhiteElo "2038"]
[BlackElo "1833"]
[Annotator "NA"]
[PlyCount "47"]
[EventDate "2019.04.16"]
[EventType "team-tourn"]
[EventCountry "GRE"]
[SourceTitle "playchess.com"]
[Source "ChessBase"]
[SourceQuality "1"]
[WhiteTeam "Scotland"]
[BlackTeam "Latvia"]
[WhiteTeamCountry "SCO"]
[BlackTeamCountry "LAT"]
[TimeControl "40/5400+30:1800+30"]

1. Nf3 g6 2. c4 Bg7 3. Nc3 Nf6 4. g3 d5 5. cxd5 Nxd5 6. Bg2 O-O 7. O-O c6 8. e4 Nxc3 9. bxc3 Re8 10. e5 Bg4 11. Qb3 Qb6 12. d4 Be6 13. c4 Qa6 14. d5 Bd7 15. Bf4 cxd5 16. cxd5 e6 17. d6 f6 18. exf6 Bxf6 19. Be5 Bxe5 20. Nxe5 Qxd6 21. Qxb7 Qxe5 22. Qxa8 Nc6 23. Qb7 Rb8 24. Qxd7 1-0